Remparts vs Saguenéens
Created - 13 octobre 2015 at 19:00
Goals
|
| Remparts |
1 |
1 |
1 |
3 |
| Saguenéens |
1 |
0 |
0 |
1 |
|
Shots
|
| Remparts |
10 |
13 |
8 |
31 |
| Saguenéens |
15 |
12 |
11 |
38 |
|
1st period
1. Remparts , Johannes Salmonsson 1 (William Colbert, Matt Halischuk) at 14:06 (SH)
2. Saguenéens , Brian Flynn 1 (Tim Kennedy, T.J. Fast) at 19:13
Penalties :
Brandon Gormley (Que) for Roughing (Minor) at 12:54
2nd period
3. Remparts , Jonathan Cheechoo 1 (William Colbert, Erik Gudbranson) at 4:17
Penalties :
No Penalty
3rd period
4. Remparts , Pasi Salonen 4 (Mattias Weinhandl, Cédric Lalonde-McNicoll) at 15:44 (PP)
Penalties :
Rhett Rakhshani (Chi) for Roughing (Minor) at 8:15, David Laliberté (Chi) for Holding (Minor) at 15:36
Goalie Stats
Keith Kinkaid (Que), 37 saves from 38 shots - (0,974), W, 2-0-2, 60:00 minutes
Al Montoya (Chi), 28 saves from 31 shots - (0,903), L, 2-2-0, 60:00 minutes
Players Stats for Remparts
Player Name G A P +/- PIM S H SB GA TA FO MP PP MP PK MP
------------------------------------------------------------------------------------
Brandon Gormley 0 0 0 0 2 0 0 1 0 0 0/0 18:12 1:12 0:00
Cédric Lalonde-McNicoll 0 1 1 0 0 1 1 4 0 0 11/31 20:43 1:24 0:00
Chris Mueller 0 0 0 0 0 0 2 0 0 0 7/11 16:19 0:43 0:00
Denis Bodrov 0 0 0 0 0 0 1 1 0 0 0/0 15:50 0:00 0:47
Erik Gudbranson 0 1 1 1 0 3 1 1 0 2 0/0 25:58 0:55 1:12
Erik Gustafsson 0 0 0 0 0 0 0 2 0 0 0/0 14:33 0:00 0:00
Geordie Wudrick 0 0 0 1 0 1 1 0 0 0 0/0 7:49 0:00 0:00
Guillaume Desbiens 0 0 0 -1 0 2 2 0 0 0 0/1 14:13 0:00 1:24
Jarod Palmer 0 0 0 0 0 0 1 2 0 0 4/8 12:31 0:00 0:12
Johannes Salmonsson 1 0 1 0 0 1 3 0 0 1 0/2 12:48 0:00 0:12
Jonathan Cheechoo 1 0 1 1 0 4 1 0 0 0 0/0 8:22 0:00 0:00
Matt Halischuk 0 1 1 0 0 2 0 0 0 1 1/1 17:16 0:43 0:23
Mattias Weinhandl 0 1 1 0 0 7 2 2 2 0 2/4 22:07 1:24 1:24
Max Reinhart 0 0 0 1 0 1 0 1 0 0 0/1 8:26 0:00 0:00
Pasi Salonen 1 0 1 0 0 3 2 0 0 0 0/1 21:07 1:24 0:23
Rico Fata 0 0 0 0 0 2 3 0 0 0 0/0 16:19 0:43 0:00
Ty Wishart 0 0 0 0 0 2 0 1 0 0 0/0 19:29 1:12 0:47
William Colbert 0 2 2 1 0 2 1 3 0 0 0/0 25:58 0:55 1:12
Players Stats for Saguenéens
Player Name G A P +/- PIM S H SB GA TA FO MP PP MP PK MP
------------------------------------------------------------------------------------
Brandon Burlon 0 0 0 0 0 0 0 0 0 0 0/0 16:46 0:00 0:00
Brett Lebda 0 0 0 -2 0 1 0 2 3 0 0/0 24:38 0:55 1:34
Brian Flynn 1 0 1 1 0 5 1 1 1 0 3/5 14:42 0:49 0:08
Dalton Prout 0 0 0 1 0 0 4 0 0 0 0/0 15:29 0:00 0:00
David Laliberté 0 0 0 0 2 5 1 0 0 0 0/1 16:32 0:49 0:00
Eric Tangradi 0 0 0 0 0 4 0 0 0 0 1/1 16:38 0:00 1:13
Jerry D'Amigo 0 0 0 0 0 0 0 0 0 0 0/1 8:52 0:00 0:00
Jim O'Brien 0 0 0 0 0 1 1 0 0 0 1/3 9:23 0:00 0:45
Kevin Marshall 0 0 0 -1 0 2 1 2 0 1 0/0 23:11 1:04 1:34
Kris Russell 0 0 0 0 0 1 1 3 0 0 0/0 20:03 0:55 0:33
Kyle Brodziak 0 0 0 -2 0 7 2 1 0 0 20/31 20:16 1:10 1:14
Mathieu Perreault 0 0 0 0 0 3 3 0 0 0 9/14 15:56 0:49 0:00
Rhett Rakhshani 0 0 0 1 2 1 0 0 0 0 0/0 13:57 0:00 0:00
Steve Begin 0 0 0 -2 0 4 1 3 0 0 1/4 19:52 1:10 0:45
T.J. Fast 0 1 1 0 0 1 2 1 0 0 0/0 19:53 1:04 0:33
Tim Kennedy 0 1 1 1 0 3 1 0 0 0 0/0 14:21 0:00 0:09
Tyler McNeely 0 0 0 0 0 0 0 0 0 0 0/0 8:20 0:00 0:00
Tyler Pitlick 0 0 0 -2 0 0 2 1 0 1 0/0 19:02 1:10 0:00
3 Stars
1 - Keith Kinkaid (Que)
2 - William Colbert (Que)
3 - Brian Flynn (Chi)
Power Play
Remparts - 1 on 2 Attempt(s) - 50,00%
Saguenéens - 0 on 1 Attempt(s) - 0,00%
Penalty Kill
Remparts - 1 on 1 Attempt(s) - 100,00%
- Score 1 goal in Penalty Kill
Saguenéens - 1 on 2 Attempt(s) - 50,00%
- Score 0 goal in Penalty Kill
Team Stat
Remparts - Hits : 21 - Faceoff Wins : 25 - Blocked Shots : 18 - Penalty Minutes : 2
Saguenéens - Hits : 20 - Faceoff Wins : 35 - Blocked Shots : 14 - Penalty Minutes : 4
Official
Referees : Jackson Dave and Dwyer Gord
Linesman : Brad Kovachik and Tony Sericolo
Game Notes
No Game Note
Finance
Level 1 -- Attendance: 1458 (72,90%) -- Ticket Income 58 320 $
Level 2 -- Attendance: 761 (76,10%) -- Ticket Income 15 220 $
Total Attendance: 2219 (73,97%)
Total Ticket Income: 73 540 $
Other Income: 3 677 $
Total Income: 77 217 $
Remparts
5 vs 5 Forward
Center Left Wing Right Wing Time % Phy DF OF
1 Cédric Lalonde-McNicoll Pasi Salonen Mattias Weinhandl 40 0 2 3
2 Chris Mueller Rico Fata Matt Halischuk 30 0 2 3
3 Jarod Palmer Johannes Salmonsson Guillaume Desbiens 20 1 3 1
4 Max Reinhart Geordie Wudrick Jonathan Cheechoo 10 1 2 2
5 vs 5 Defense
Defense Defense Time % Phy DF OF
1 William Colbert Erik Gudbranson 40 0 2 3
2 Brandon Gormley Ty Wishart 30 0 2 3
3 Erik Gustafsson Denis Bodrov 20 1 2 2
4 William Colbert Erik Gudbranson 10 1 2 2
PowerPlay Forward
Center Left Wing Right Wing Time % Phy DF OF
1 Cédric Lalonde-McNicoll Pasi Salonen Mattias Weinhandl 60 0 1 4
2 Chris Mueller Rico Fata Matt Halischuk 40 0 1 4
PowerPlay Defense
Defense Defense Time % Phy DF OF
1 William Colbert Erik Gudbranson 60 0 2 3
2 Brandon Gormley Ty Wishart 40 0 2 3
Penalty Kill 4 Players Forward
Center Wing Time % Phy DF OF
1 Mattias Weinhandl Guillaume Desbiens 60 1 3 1
2 Pasi Salonen Matt Halischuk 40 1 3 1
Penalty Kill 4 Players Defense
Defense Defense Time % Phy DF OF
1 William Colbert Erik Gudbranson 60 1 4 0
2 Denis Bodrov Ty Wishart 40 1 4 0
Penalty Kill - 3 Players Forward
Forward Time % Phy DF OF
1 Johannes Salmonsson 60 1 3 1
2 Cédric Lalonde-McNicoll 40 1 3 1
Penalty Kill - 3 Players Defense
Defense Defense Time % Phy DF OF
1 William Colbert Erik Gudbranson 60 1 4 0
2 Denis Bodrov Ty Wishart 40 1 4 0
4 vs 4 Forward
Center Wing Time % Phy DF OF
1 Cédric Lalonde-McNicoll Mattias Weinhandl 60 0 2 3
2 Pasi Salonen Matt Halischuk 40 0 2 3
4 vs 4 Defense
Defense Defense Time % Phy DF OF
1 William Colbert Erik Gudbranson 60 1 2 2
2 Brandon Gormley Ty Wishart 40 1 2 2
Last Minutes Offensive
Center Left Wing Right Wing Defense Defense
Cédric Lalonde-McNicoll Pasi Salonen Mattias Weinhandl William Colbert Erik Gudbranson
Last Minutes Defensive
Center Left Wing Right Wing Defense Defense
Cédric Lalonde-McNicoll Pasi Salonen Mattias Weinhandl William Colbert Erik Gudbranson
Goaltenders
Starting : Keith Kinkaid
Backup : Petr Mrazek
Extra Forwards
Normal : Matt Halischuk, Jonathan Cheechoo, Max Reinhart - PP : Jonathan Cheechoo, Johannes Salmonsson - PK : Jarod Palmer
Extra Defensemen
Normal : Brandon Gormley, Erik Gudbranson, William Colbert - PP : Denis Bodrov - PK : Ty Wishart, Erik Gudbranson
Penalty Shots
Pasi Salonen, Guillaume Desbiens, Matt Halischuk, Cédric Lalonde-McNicoll, Jarod Palmer
Saguenéens
5 vs 5 Forward
Center Left Wing Right Wing Time % Phy DF OF
1 Kyle Brodziak Steve Begin Tyler Pitlick 40 1 2 2
2 Mathieu Perreault Eric Tangradi David Laliberté 30 1 2 2
3 Brian Flynn Tim Kennedy Rhett Rakhshani 20 1 2 2
4 Jim O'Brien Tyler McNeely Jerry D'Amigo 10 1 2 2
5 vs 5 Defense
Defense Defense Time % Phy DF OF
1 Brett Lebda Kevin Marshall 40 1 2 2
2 T.J. Fast Brandon Burlon 31 1 2 2
3 Kris Russell Dalton Prout 23 1 2 2
4 T.J. Fast Kris Russell 6 1 2 2
PowerPlay Forward
Center Left Wing Right Wing Time % Phy DF OF
1 Kyle Brodziak Steve Begin Tyler Pitlick 60 1 2 2
2 Mathieu Perreault Brian Flynn David Laliberté 40 1 2 2
PowerPlay Defense
Defense Defense Time % Phy DF OF
1 T.J. Fast Kevin Marshall 60 1 2 2
2 Brett Lebda Kris Russell 40 1 2 2
Penalty Kill 4 Players Forward
Center Wing Time % Phy DF OF
1 Kyle Brodziak Eric Tangradi 60 1 2 2
2 Jim O'Brien Steve Begin 40 1 2 2
Penalty Kill 4 Players Defense
Defense Defense Time % Phy DF OF
1 Brett Lebda Kevin Marshall 60 1 2 2
2 T.J. Fast Kris Russell 40 1 2 2
Penalty Kill - 3 Players Forward
Forward Time % Phy DF OF
1 Kyle Brodziak 60 1 2 2
2 Steve Begin 40 1 2 2
Penalty Kill - 3 Players Defense
Defense Defense Time % Phy DF OF
1 Kris Russell Kevin Marshall 60 1 2 2
2 T.J. Fast Kris Russell 40 1 2 2
4 vs 4 Forward
Center Wing Time % Phy DF OF
1 Kyle Brodziak Mathieu Perreault 60 1 2 2
2 Brian Flynn Steve Begin 40 1 2 2
4 vs 4 Defense
Defense Defense Time % Phy DF OF
1 Brett Lebda Kevin Marshall 60 1 2 2
2 T.J. Fast Brandon Burlon 40 1 2 2
Last Minutes Offensive
Center Left Wing Right Wing Defense Defense
Mathieu Perreault Steve Begin David Laliberté Brett Lebda T.J. Fast
Last Minutes Defensive
Center Left Wing Right Wing Defense Defense
Mathieu Perreault Steve Begin David Laliberté Brett Lebda T.J. Fast
Goaltenders
Starting : Al Montoya
Backup : Harru Sateri
Extra Forwards
Normal : Tim Kennedy, Tyler Pitlick, Jerry D'Amigo - PP : Eric Tangradi, David Laliberté - PK : Eric Tangradi
Extra Defensemen
Normal : T.J. Fast, Kris Russell, Brett Lebda - PP : Brandon Burlon - PK : Brandon Burlon, Dalton Prout
Penalty Shots
Brian Flynn, Steve Begin, David Laliberté, Tim Kennedy, Tyler Pitlick
% Time on Ice - Remparts
Lines # - Real PCT - Wanted PCT - Time Play
Normal Forward
1 - 36% - 40% - 20:09
2 - 28% - 30% - 15:37
3 - 22% - 20% - 12:19
4 - 14% - 10% - 7:49
Normal Defense
1 - 36% - 40% - 19:54
2 - 32% - 30% - 17:52
3 - 25% - 20% - 14:11
4 - 7% - 10% - 3:57
PP Forward
1 - 66% - 60% - 1:24
2 - 34% - 40% - 0:43
PP Defense
1 - 43% - 60% - 0:55
2 - 57% - 40% - 1:12
PK Forward
1 - 81% - 60% - 1:36
2 - 19% - 40% - 0:23
PK Defense
1 - 61% - 60% - 1:12
2 - 39% - 40% - 0:47
PK3 Forward
1 - 0% - 60%
2 - 0% - 40%
PK3 Defense
1 - 0% - 60%
2 - 0% - 40%
44 Forward
1 - 0% - 60%
2 - 0% - 40%
44 Defense
1 - 0% - 60%
2 - 0% - 40%
Last Minute Offensive - 0:00
Last Minute Defensive - 0:00
Total
Forward - 60:00
Defense - 60:00
|
% Time on Ice - Saguenéens
Lines # - Real PCT - Wanted PCT - Time Play
Normal Forward
1 - 34% - 40% - 18:47
2 - 27% - 30% - 15:07
3 - 24% - 20% - 13:40
4 - 15% - 10% - 8:20
Normal Defense
1 - 37% - 40% - 20:33
2 - 31% - 31% - 17:09
3 - 28% - 23% - 15:29
4 - 5% - 6% - 2:43
PP Forward
1 - 59% - 60% - 1:10
2 - 41% - 40% - 0:49
PP Defense
1 - 54% - 60% - 1:04
2 - 46% - 40% - 0:55
PK Forward
1 - 84% - 60% - 1:47
2 - 16% - 40% - 0:20
PK Defense
1 - 74% - 60% - 1:34
2 - 26% - 40% - 0:33
PK3 Forward
1 - 0% - 60%
2 - 0% - 40%
PK3 Defense
1 - 0% - 60%
2 - 0% - 40%
44 Forward
1 - 0% - 60%
2 - 0% - 40%
44 Defense
1 - 0% - 60%
2 - 0% - 40%
Last Minute Offensive - 0:00
Last Minute Defensive - 0:00
Total
Forward - 60:00
Defense - 60:00
|
Play by Play
1st period
0:01 of 1st period - Kyle Brodziak wins face-off versus Pasi Salonen in neutral zone.
0:04 of 1st period - Slapshot by Steve Begin.
0:04 of 1st period - Stopped by Keith Kinkaid without a rebound.
0:05 of 1st period - Cédric Lalonde-McNicoll wins face-off versus Kyle Brodziak in Remparts zone.
0:09 of 1st period - Icing by Pasi Salonen.
0:10 of 1st period - Kyle Brodziak wins face-off versus Cédric Lalonde-McNicoll in Remparts zone.
0:23 of 1st period - Slapshot by Steve Begin.
0:23 of 1st period - Shot Misses the Net.
0:25 of 1st period - Slapshot by Kevin Marshall.
0:25 of 1st period - Stopped by Keith Kinkaid with a rebound.
0:27 of 1st period - Wrist shot by Steve Begin.
0:27 of 1st period - Shot Misses the Net.
1:03 of 1st period - Backhand shot by Mattias Weinhandl.
1:03 of 1st period - Stopped by Al Montoya with a rebound.
1:17 of 1st period - Steve Begin is hit by Erik Gudbranson and loses puck.
1:41 of 1st period - Off-side.
1:42 of 1st period - Mathieu Perreault wins face-off versus Chris Mueller in neutral zone.
1:55 of 1st period - Wrist shot by Matt Halischuk.
1:55 of 1st period - Stopped by Al Montoya with a rebound.
1:57 of 1st period - Slapshot by Ty Wishart.
1:57 of 1st period - Stopped by Al Montoya without a rebound.
1:58 of 1st period - Brian Flynn wins face-off versus Jarod Palmer in Saguenéens zone.
3:01 of 1st period - Snap shot by Brian Flynn.
3:01 of 1st period - Stopped by Keith Kinkaid with a rebound.
3:30 of 1st period - Erik Gudbranson is hit by Dalton Prout and loses puck.
3:50 of 1st period - Slapshot by Brett Lebda.
3:50 of 1st period - Shot Blocked by Ty Wishart.
4:35 of 1st period - Icing by T.J. Fast.
4:36 of 1st period - Jarod Palmer wins face-off versus Mathieu Perreault in Saguenéens zone.
5:47 of 1st period - Icing by Dalton Prout.
5:48 of 1st period - Chris Mueller wins face-off versus Brian Flynn in Saguenéens zone.
6:11 of 1st period - Wrist shot by Rhett Rakhshani.
6:11 of 1st period - Stopped by Keith Kinkaid with a rebound.
6:13 of 1st period - Wrist shot by Kris Russell.
6:13 of 1st period - Shot Misses the Net.
6:15 of 1st period - Snap shot by Tim Kennedy.
6:15 of 1st period - Stopped by Keith Kinkaid without a rebound.
6:16 of 1st period - Mathieu Perreault wins face-off versus Cédric Lalonde-McNicoll in Remparts zone.
6:25 of 1st period - Snap shot by Mattias Weinhandl.
6:25 of 1st period - Deflect By Cédric Lalonde-McNicoll.
6:25 of 1st period - Shot Blocked by Kevin Marshall.
6:25 of 1st period - Puck is out of play.
6:26 of 1st period - Mathieu Perreault wins face-off versus Cédric Lalonde-McNicoll in Saguenéens zone.
6:33 of 1st period - Cédric Lalonde-McNicoll is hit by Kevin Marshall and loses puck.
6:38 of 1st period - Wrist shot by Eric Tangradi.
6:38 of 1st period - Stopped by Keith Kinkaid with a rebound.
6:40 of 1st period - Backhand shot by David Laliberté.
6:40 of 1st period - Stopped by Keith Kinkaid without a rebound.
6:41 of 1st period - Chris Mueller wins face-off versus Kyle Brodziak in Remparts zone.
6:41 of 1st period - Chris Mueller is hit by Kyle Brodziak.
7:58 of 1st period - Wrist shot by Jonathan Cheechoo.
7:58 of 1st period - Stopped by Al Montoya with a rebound.
8:10 of 1st period - Snap shot by Matt Halischuk.
8:10 of 1st period - Stopped by Al Montoya with a rebound.
8:34 of 1st period - David Laliberté is hit by Pasi Salonen and loses puck.
9:11 of 1st period - Snap shot by Jonathan Cheechoo.
9:11 of 1st period - Stopped by Al Montoya with a rebound.
9:33 of 1st period - Tyler Pitlick is hit by Rico Fata and loses puck.
10:43 of 1st period - Snap shot by Steve Begin.
10:43 of 1st period - Shot Misses the Net.
10:59 of 1st period - Slapshot by Matt Halischuk.
10:59 of 1st period - Shot Misses the Net.
11:13 of 1st period - Denis Bodrov is hit by Tim Kennedy and loses puck.
11:22 of 1st period - Snap shot by Brian Flynn.
11:22 of 1st period - Shot Misses the Net.
11:24 of 1st period - Wrist shot by Rhett Rakhshani.
11:24 of 1st period - Shot Misses the Net.
11:34 of 1st period - Brandon Burlon is hit by Jarod Palmer and loses puck.
12:03 of 1st period - Slapshot by T.J. Fast.
12:03 of 1st period - Deflect By Denis Bodrov.
12:03 of 1st period - Stopped by Keith Kinkaid with a rebound.
12:05 of 1st period - Slapshot by Brandon Burlon.
12:05 of 1st period - Deflect By Jim O'Brien.
12:05 of 1st period - Stopped by Keith Kinkaid with a rebound.
12:07 of 1st period - Slapshot by Brandon Burlon.
12:07 of 1st period - Shot Blocked by Denis Bodrov.
12:17 of 1st period - Denis Bodrov is hit by David Laliberté and loses puck.
12:24 of 1st period - Wrist shot by David Laliberté.
12:24 of 1st period - Stopped by Keith Kinkaid without a rebound.
12:25 of 1st period - Mathieu Perreault wins face-off versus Cédric Lalonde-McNicoll in Remparts zone.
12:41 of 1st period - Icing by Brandon Gormley.
12:42 of 1st period - Kyle Brodziak wins face-off versus Cédric Lalonde-McNicoll in Remparts zone.
12:54 of 1st period - Minor Penalty to Brandon Gormley for Roughing.
12:55 of 1st period - Mattias Weinhandl wins face-off versus Steve Begin in Remparts zone.
13:21 of 1st period - Mattias Weinhandl is hit by Mathieu Perreault and loses puck.
13:28 of 1st period - Snap shot by David Laliberté.
13:28 of 1st period - Stopped by Keith Kinkaid with a rebound.
13:30 of 1st period - Slapshot by Kevin Marshall.
13:30 of 1st period - Shot Misses the Net.
14:00 of 1st period - Snap shot by Johannes Salmonsson.
14:00 of 1st period - Shot Blocked by Brett Lebda.
14:02 of 1st period - Slapshot by William Colbert.
14:02 of 1st period - Shot Misses the Net.
14:04 of 1st period - Wrist shot by Johannes Salmonsson.
14:04 of 1st period - Shot Blocked by Steve Begin.
14:06 of 1st period - Snap shot by Johannes Salmonsson.
14:06 of 1st period - Goal by Johannes Salmonsson - Remparts : 1 - Saguenéens : 0.
14:07 of 1st period - Mattias Weinhandl wins face-off versus Steve Begin in neutral zone.
14:54 of 1st period - Penalty to Brandon Gormley is over, Brandon Gormley is back on ice.
15:06 of 1st period - Wrist shot by Geordie Wudrick.
15:06 of 1st period - Stopped by Al Montoya with a rebound.
15:12 of 1st period - Denis Bodrov is hit by Jim O'Brien and loses puck.
16:08 of 1st period - Slapshot by Steve Begin.
16:08 of 1st period - Stopped by Keith Kinkaid with a rebound.
16:27 of 1st period - Kris Russell is hit by Guillaume Desbiens.
16:52 of 1st period - Snap shot by Mathieu Perreault.
16:52 of 1st period - Deflect By David Laliberté.
16:52 of 1st period - Shot Blocked by Erik Gudbranson.
16:52 of 1st period - Puck is out of play.
16:53 of 1st period - Chris Mueller wins face-off versus Kyle Brodziak in Remparts zone.
17:03 of 1st period - Steve Begin is hit by Rico Fata and loses puck.
17:58 of 1st period - Off-side.
17:59 of 1st period - Jim O'Brien wins face-off versus Max Reinhart in neutral zone.
18:04 of 1st period - Snap shot by Brett Lebda.
18:04 of 1st period - Deflect By William Colbert.
18:04 of 1st period - Stopped by Keith Kinkaid without a rebound.
18:05 of 1st period - Cédric Lalonde-McNicoll wins face-off versus Kyle Brodziak in Remparts zone.
18:05 of 1st period - Cédric Lalonde-McNicoll is hit by Tyler Pitlick.
18:15 of 1st period - Slapshot by Steve Begin.
18:15 of 1st period - Deflect By Kyle Brodziak.
18:15 of 1st period - Deflect By Mattias Weinhandl.
18:15 of 1st period - Stopped by Keith Kinkaid without a rebound.
18:16 of 1st period - Cédric Lalonde-McNicoll wins face-off versus Kyle Brodziak in Remparts zone.
19:03 of 1st period - T.J. Fast is hit by William Colbert.
19:13 of 1st period - Snap shot by Brian Flynn.
19:13 of 1st period - Goal by Brian Flynn - Remparts : 1 - Saguenéens : 1.
19:14 of 1st period - Cédric Lalonde-McNicoll wins face-off versus Kyle Brodziak in neutral zone.
19:17 of 1st period - Slapshot by Pasi Salonen.
19:17 of 1st period - Stopped by Al Montoya without a rebound.
19:18 of 1st period - Kyle Brodziak wins face-off versus Cédric Lalonde-McNicoll in Saguenéens zone.
19:31 of 1st period - Backhand shot by Pasi Salonen.
19:31 of 1st period - Deflect By Mattias Weinhandl.
19:31 of 1st period - Stopped by Al Montoya without a rebound.
19:32 of 1st period - Kyle Brodziak wins face-off versus Chris Mueller in Saguenéens zone.
19:51 of 1st period - Icing by Erik Gudbranson.
19:52 of 1st period - Mathieu Perreault wins face-off versus Chris Mueller in Remparts zone.
Goals for this period are 1 for Remparts vs 1 for Saguenéens.
Shots for this period are 10 for Remparts vs 15 for Saguenéens.
2nd period
0:01 of 2nd period - Steve Begin wins face-off versus Cédric Lalonde-McNicoll in neutral zone.
0:06 of 2nd period - Snap shot by Steve Begin.
0:06 of 2nd period - Shot Misses the Net.
0:08 of 2nd period - Slapshot by Brett Lebda.
0:08 of 2nd period - Shot Blocked by William Colbert.
0:10 of 2nd period - Wrist shot by Brett Lebda.
0:10 of 2nd period - Deflect By Steve Begin.
0:10 of 2nd period - Deflect By William Colbert.
0:10 of 2nd period - Shot Misses the Net.
0:10 of 2nd period - Puck is out of play.
0:11 of 2nd period - Kyle Brodziak wins face-off versus Cédric Lalonde-McNicoll in Remparts zone.
0:14 of 2nd period - Snap shot by Kyle Brodziak.
0:14 of 2nd period - Stopped by Keith Kinkaid without a rebound.
0:15 of 2nd period - Kyle Brodziak wins face-off versus Cédric Lalonde-McNicoll in Remparts zone.
0:20 of 2nd period - Wrist shot by Brett Lebda.
0:20 of 2nd period - Shot Blocked by Cédric Lalonde-McNicoll.
0:22 of 2nd period - Slapshot by Brett Lebda.
0:22 of 2nd period - Shot Blocked by Cédric Lalonde-McNicoll.
0:24 of 2nd period - Slapshot by Kyle Brodziak.
0:24 of 2nd period - Stopped by Keith Kinkaid with a rebound.
0:26 of 2nd period - Slapshot by Kevin Marshall.
0:26 of 2nd period - Stopped by Keith Kinkaid without a rebound.
0:27 of 2nd period - Kyle Brodziak wins face-off versus Cédric Lalonde-McNicoll in Remparts zone.
0:54 of 2nd period - Kyle Brodziak is hit by Johannes Salmonsson and loses puck.
1:23 of 2nd period - Snap shot by Eric Tangradi.
1:23 of 2nd period - Deflect By David Laliberté.
1:23 of 2nd period - Stopped by Keith Kinkaid without a rebound.
1:24 of 2nd period - Mathieu Perreault wins face-off versus Chris Mueller in Remparts zone.
1:49 of 2nd period - Brett Lebda is hit by Mattias Weinhandl and loses puck.
1:56 of 2nd period - Snap shot by Cédric Lalonde-McNicoll.
1:56 of 2nd period - Stopped by Al Montoya without a rebound.
1:57 of 2nd period - Mathieu Perreault wins face-off versus Cédric Lalonde-McNicoll in Saguenéens zone.
1:57 of 2nd period - Mathieu Perreault is hit by Mattias Weinhandl.
2:03 of 2nd period - Denis Bodrov is hit by Kris Russell and loses puck.
2:08 of 2nd period - Wrist shot by Eric Tangradi.
2:08 of 2nd period - Shot Misses the Net.
2:10 of 2nd period - Snap shot by David Laliberté.
2:10 of 2nd period - Shot Blocked by Erik Gustafsson.
2:12 of 2nd period - Slapshot by Eric Tangradi.
2:12 of 2nd period - Shot Blocked by Cédric Lalonde-McNicoll.
2:22 of 2nd period - Denis Bodrov is hit by Dalton Prout and loses puck.
2:53 of 2nd period - Wrist shot by Johannes Salmonsson.
2:53 of 2nd period - Shot Misses the Net.
3:09 of 2nd period - Wrist shot by Jonathan Cheechoo.
3:09 of 2nd period - Shot Misses the Net.
3:11 of 2nd period - Snap shot by Max Reinhart.
3:11 of 2nd period - Stopped by Al Montoya with a rebound.
3:13 of 2nd period - Slapshot by William Colbert.
3:13 of 2nd period - Stopped by Al Montoya with a rebound.
3:15 of 2nd period - Wrist shot by Erik Gudbranson.
3:15 of 2nd period - Stopped by Al Montoya without a rebound.
3:16 of 2nd period - Cédric Lalonde-McNicoll wins face-off versus Mathieu Perreault in Saguenéens zone.
3:21 of 2nd period - Snap shot by Mattias Weinhandl.
3:21 of 2nd period - Stopped by Al Montoya without a rebound.
3:22 of 2nd period - Mathieu Perreault wins face-off versus Cédric Lalonde-McNicoll in Saguenéens zone.
4:07 of 2nd period - Wrist shot by Jonathan Cheechoo.
4:07 of 2nd period - Stopped by Al Montoya with a rebound.
4:09 of 2nd period - Slapshot by William Colbert.
4:09 of 2nd period - Shot Blocked by Steve Begin.
4:17 of 2nd period - Snap shot by Jonathan Cheechoo.
4:17 of 2nd period - Goal by Jonathan Cheechoo - Remparts : 2 - Saguenéens : 1.
4:18 of 2nd period - Cédric Lalonde-McNicoll wins face-off versus Mathieu Perreault in neutral zone.
4:21 of 2nd period - Slapshot by William Colbert.
4:21 of 2nd period - Stopped by Al Montoya with a rebound.
5:30 of 2nd period - Slapshot by Kris Russell.
5:30 of 2nd period - Shot Blocked by Max Reinhart.
6:17 of 2nd period - Slapshot by Eric Tangradi.
6:17 of 2nd period - Shot Misses the Net.
7:48 of 2nd period - Snap shot by Guillaume Desbiens.
7:48 of 2nd period - Stopped by Al Montoya without a rebound.
7:49 of 2nd period - Jarod Palmer wins face-off versus Jim O'Brien in Saguenéens zone.
8:01 of 2nd period - Brandon Burlon is hit by Johannes Salmonsson and loses puck.
9:00 of 2nd period - Wrist shot by David Laliberté.
9:00 of 2nd period - Shot Misses the Net.
9:02 of 2nd period - Wrist shot by Eric Tangradi.
9:02 of 2nd period - Stopped by Keith Kinkaid with a rebound.
9:23 of 2nd period - Snap shot by Jonathan Cheechoo.
9:23 of 2nd period - Shot Blocked by Kris Russell.
9:35 of 2nd period - Icing by Kris Russell.
9:36 of 2nd period - Cédric Lalonde-McNicoll wins face-off versus Jim O'Brien in Saguenéens zone.
9:43 of 2nd period - Slapshot by Mattias Weinhandl.
9:43 of 2nd period - Stopped by Al Montoya without a rebound.
9:44 of 2nd period - Cédric Lalonde-McNicoll wins face-off versus Kyle Brodziak in Saguenéens zone.
9:52 of 2nd period - Off-side.
9:53 of 2nd period - Kyle Brodziak wins face-off versus Cédric Lalonde-McNicoll in neutral zone.
10:01 of 2nd period - Slapshot by Mattias Weinhandl.
10:01 of 2nd period - Stopped by Al Montoya with a rebound.
10:19 of 2nd period - Mathieu Perreault is hit by Rico Fata and loses puck.
10:24 of 2nd period - Snap shot by Rico Fata.
10:24 of 2nd period - Shot Blocked by T.J. Fast.
12:02 of 2nd period - Wrist shot by Brian Flynn.
12:02 of 2nd period - Shot Blocked by Erik Gustafsson.
12:04 of 2nd period - Wrist shot by Tim Kennedy.
12:04 of 2nd period - Stopped by Keith Kinkaid without a rebound.
12:05 of 2nd period - Brian Flynn wins face-off versus Mattias Weinhandl in Remparts zone.
12:26 of 2nd period - Cédric Lalonde-McNicoll is hit by Dalton Prout and loses puck.
12:58 of 2nd period - Snap shot by Tim Kennedy.
12:58 of 2nd period - Shot Blocked by Brandon Gormley.
13:18 of 2nd period - Snap shot by Brian Flynn.
13:18 of 2nd period - Stopped by Keith Kinkaid with a rebound.
14:08 of 2nd period - Snap shot by Rhett Rakhshani.
14:08 of 2nd period - Shot Misses the Net.
14:22 of 2nd period - Snap shot by Kris Russell.
14:22 of 2nd period - Stopped by Keith Kinkaid with a rebound.
14:34 of 2nd period - Wrist shot by Mattias Weinhandl.
14:34 of 2nd period - Stopped by Al Montoya without a rebound.
14:35 of 2nd period - Chris Mueller wins face-off versus Kyle Brodziak in Saguenéens zone.
14:38 of 2nd period - Snap shot by Matt Halischuk.
14:38 of 2nd period - Shot Blocked by Tyler Pitlick.
14:40 of 2nd period - Slapshot by Erik Gudbranson.
14:40 of 2nd period - Deflect By Rico Fata.
14:40 of 2nd period - Shot Blocked by Kyle Brodziak.
14:40 of 2nd period - Puck is out of play.
14:41 of 2nd period - Chris Mueller wins face-off versus Kyle Brodziak in Saguenéens zone.
15:06 of 2nd period - Slapshot by Eric Tangradi.
15:06 of 2nd period - Stopped by Keith Kinkaid without a rebound.
15:07 of 2nd period - Mathieu Perreault wins face-off versus Guillaume Desbiens in Remparts zone.
15:10 of 2nd period - Snap shot by Eric Tangradi.
15:10 of 2nd period - Deflect By Guillaume Desbiens.
15:10 of 2nd period - Shot Blocked by Jarod Palmer.
15:10 of 2nd period - Puck is out of play.
15:11 of 2nd period - Chris Mueller wins face-off versus David Laliberté in Remparts zone.
15:50 of 2nd period - Wrist shot by Mathieu Perreault.
15:50 of 2nd period - Shot Misses the Net.
15:52 of 2nd period - Snap shot by Eric Tangradi.
15:52 of 2nd period - Stopped by Keith Kinkaid with a rebound.
15:54 of 2nd period - Wrist shot by Mathieu Perreault.
15:54 of 2nd period - Stopped by Keith Kinkaid without a rebound.
15:55 of 2nd period - Kyle Brodziak wins face-off versus Johannes Salmonsson in Remparts zone.
16:21 of 2nd period - Kevin Marshall is hit by Jonathan Cheechoo and loses puck.
17:15 of 2nd period - Off-side.
17:16 of 2nd period - Chris Mueller wins face-off versus Steve Begin in neutral zone.
17:19 of 2nd period - Slapshot by Erik Gustafsson.
17:19 of 2nd period - Shot Blocked by Kris Russell.
17:52 of 2nd period - T.J. Fast is hit by Pasi Salonen and loses puck.
19:22 of 2nd period - Tim Kennedy is hit by Chris Mueller.
19:32 of 2nd period - Snap shot by Rico Fata.
19:32 of 2nd period - Stopped by Al Montoya with a rebound.
19:34 of 2nd period - Slapshot by Rico Fata.
19:34 of 2nd period - Shot Misses the Net.
19:53 of 2nd period - Slapshot by Brian Flynn.
19:53 of 2nd period - Deflect By Rico Fata.
19:53 of 2nd period - Stopped by Keith Kinkaid with a rebound.
19:59 of 2nd period - Backhand shot by Rico Fata.
19:59 of 2nd period - Deflect By Matt Halischuk.
19:59 of 2nd period - Shot Misses the Net.
19:59 of 2nd period - Puck is out of play.
Goals for this period are 1 for Remparts vs 0 for Saguenéens.
Shots for this period are 13 for Remparts vs 12 for Saguenéens.
3rd period
0:01 of 3rd period - Kyle Brodziak wins face-off versus Cédric Lalonde-McNicoll in neutral zone.
0:34 of 3rd period - Snap shot by Mathieu Perreault.
0:34 of 3rd period - Stopped by Keith Kinkaid without a rebound.
0:35 of 3rd period - Cédric Lalonde-McNicoll wins face-off versus Mathieu Perreault in Remparts zone.
1:16 of 3rd period - Wrist shot by Tim Kennedy.
1:16 of 3rd period - Stopped by Keith Kinkaid without a rebound.
1:17 of 3rd period - Kyle Brodziak wins face-off versus Jarod Palmer in Remparts zone.
1:24 of 3rd period - Slapshot by Brett Lebda.
1:24 of 3rd period - Deflect By Steve Begin.
1:24 of 3rd period - Stopped by Keith Kinkaid with a rebound.
1:28 of 3rd period - Snap shot by Kyle Brodziak.
1:28 of 3rd period - Stopped by Keith Kinkaid without a rebound.
1:29 of 3rd period - Kyle Brodziak wins face-off versus Jarod Palmer in Remparts zone.
1:36 of 3rd period - Snap shot by Kyle Brodziak.
1:36 of 3rd period - Stopped by Keith Kinkaid without a rebound.
1:37 of 3rd period - Kyle Brodziak wins face-off versus Jarod Palmer in Remparts zone.
2:02 of 3rd period - Wrist shot by Steve Begin.
2:02 of 3rd period - Stopped by Keith Kinkaid with a rebound.
2:04 of 3rd period - Snap shot by Mathieu Perreault.
2:04 of 3rd period - Shot Blocked by Mattias Weinhandl.
2:10 of 3rd period - Snap shot by Eric Tangradi.
2:10 of 3rd period - Shot Misses the Net.
2:12 of 3rd period - Snap shot by Kevin Marshall.
2:12 of 3rd period - Shot Blocked by Cédric Lalonde-McNicoll.
2:14 of 3rd period - Slapshot by Brett Lebda.
2:14 of 3rd period - Shot Blocked by Mattias Weinhandl.
2:28 of 3rd period - Wrist shot by Matt Halischuk.
2:28 of 3rd period - Shot Misses the Net.
3:31 of 3rd period - Cédric Lalonde-McNicoll is hit by Dalton Prout and loses puck.
4:28 of 3rd period - Snap shot by Johannes Salmonsson.
4:28 of 3rd period - Shot Blocked by Kris Russell.
5:12 of 3rd period - Max Reinhart is hit by Brian Flynn and loses puck.
5:23 of 3rd period - Rhett Rakhshani is hit by Geordie Wudrick and loses puck.
5:36 of 3rd period - Wrist shot by Guillaume Desbiens.
5:36 of 3rd period - Shot Blocked by Steve Begin.
5:45 of 3rd period - Icing by Brandon Burlon.
5:46 of 3rd period - Kyle Brodziak wins face-off versus Cédric Lalonde-McNicoll in Saguenéens zone.
6:22 of 3rd period - William Colbert is hit by Mathieu Perreault and loses puck.
7:00 of 3rd period - Dalton Prout is hit by Denis Bodrov.
7:20 of 3rd period - Mattias Weinhandl is hit by Steve Begin and loses puck.
7:27 of 3rd period - Tyler Pitlick is hit by Cédric Lalonde-McNicoll and loses puck.
7:52 of 3rd period - Snap shot by Mathieu Perreault.
7:52 of 3rd period - Stopped by Keith Kinkaid with a rebound.
8:15 of 3rd period - Minor Penalty to Rhett Rakhshani for Roughing.
8:16 of 3rd period - Kyle Brodziak wins face-off versus Cédric Lalonde-McNicoll in Saguenéens zone.
8:29 of 3rd period - Slapshot by Brett Lebda.
8:29 of 3rd period - Shot Blocked by William Colbert.
8:31 of 3rd period - Wrist shot by Kyle Brodziak.
8:31 of 3rd period - Stopped by Keith Kinkaid without a rebound.
8:32 of 3rd period - Kyle Brodziak wins face-off versus Cédric Lalonde-McNicoll in Remparts zone.
8:33 of 3rd period - Snap shot by Eric Tangradi.
8:33 of 3rd period - Shot Misses the Net.
8:55 of 3rd period - Brett Lebda is hit by Chris Mueller and loses puck.
9:02 of 3rd period - Snap shot by Matt Halischuk.
9:02 of 3rd period - Shot Misses the Net.
9:04 of 3rd period - Snap shot by Rico Fata.
9:04 of 3rd period - Stopped by Al Montoya with a rebound.
10:15 of 3rd period - Penalty to Rhett Rakhshani is over, Rhett Rakhshani is back on ice.
10:25 of 3rd period - Brian Flynn is hit by Guillaume Desbiens and loses puck.
10:32 of 3rd period - Kris Russell is hit by Johannes Salmonsson and loses puck.
11:50 of 3rd period - Snap shot by Brandon Burlon.
11:50 of 3rd period - Shot Misses the Net.
11:52 of 3rd period - Wrist shot by Brian Flynn.
11:52 of 3rd period - Stopped by Keith Kinkaid without a rebound.
11:53 of 3rd period - Jarod Palmer wins face-off versus Brian Flynn in Remparts zone.
12:00 of 3rd period - Snap shot by Guillaume Desbiens.
12:00 of 3rd period - Stopped by Al Montoya with a rebound.
12:02 of 3rd period - Slapshot by Erik Gudbranson.
12:02 of 3rd period - Shot Blocked by Brian Flynn.
12:04 of 3rd period - Slapshot by Erik Gudbranson.
12:04 of 3rd period - Stopped by Al Montoya without a rebound.
12:05 of 3rd period - Kyle Brodziak wins face-off versus Cédric Lalonde-McNicoll in Saguenéens zone.
12:14 of 3rd period - Snap shot by Erik Gudbranson.
12:14 of 3rd period - Deflect By Steve Begin.
12:14 of 3rd period - Stopped by Al Montoya with a rebound.
13:01 of 3rd period - Slapshot by Geordie Wudrick.
13:01 of 3rd period - Shot Blocked by Kevin Marshall.
13:21 of 3rd period - Wrist shot by Tyler McNeely.
13:21 of 3rd period - Shot Misses the Net.
13:23 of 3rd period - Slapshot by Brett Lebda.
13:23 of 3rd period - Shot Blocked by Jarod Palmer.
13:46 of 3rd period - Mattias Weinhandl is hit by T.J. Fast.
14:08 of 3rd period - Snap shot by Matt Halischuk.
14:08 of 3rd period - Shot Misses the Net.
14:10 of 3rd period - Slapshot by Erik Gudbranson.
14:10 of 3rd period - Shot Misses the Net.
14:24 of 3rd period - Snap shot by Tim Kennedy.
14:24 of 3rd period - Deflect By Jonathan Cheechoo.
14:24 of 3rd period - Shot Misses the Net.
14:24 of 3rd period - Puck is out of play.
14:25 of 3rd period - Brian Flynn wins face-off versus Mattias Weinhandl in Remparts zone.
14:56 of 3rd period - Matt Halischuk is hit by Kyle Brodziak and loses puck.
15:36 of 3rd period - Minor Penalty to David Laliberté for Holding.
15:37 of 3rd period - Cédric Lalonde-McNicoll wins face-off versus Kyle Brodziak in Saguenéens zone.
15:38 of 3rd period - Wrist shot by Pasi Salonen.
15:38 of 3rd period - Stopped by Al Montoya with a rebound.
15:44 of 3rd period - Snap shot by Pasi Salonen.
15:44 of 3rd period - Goal by Pasi Salonen - Remparts : 3 - Saguenéens : 1.
15:45 of 3rd period - Cédric Lalonde-McNicoll wins face-off versus Kyle Brodziak in neutral zone.
15:50 of 3rd period - Wrist shot by Pasi Salonen.
15:50 of 3rd period - Shot Blocked by Brett Lebda.
15:56 of 3rd period - Slapshot by Brett Lebda.
15:56 of 3rd period - Shot Misses the Net.
15:58 of 3rd period - Slapshot by Brett Lebda.
15:58 of 3rd period - Shot Misses the Net.
16:00 of 3rd period - Snap shot by Kyle Brodziak.
16:00 of 3rd period - Shot Misses the Net.
16:50 of 3rd period - William Colbert is hit by T.J. Fast and loses puck.
17:09 of 3rd period - Snap shot by Eric Tangradi.
17:09 of 3rd period - Deflect By Erik Gudbranson.
17:09 of 3rd period - Shot Blocked by William Colbert.
17:09 of 3rd period - Puck is out of play.
17:10 of 3rd period - Eric Tangradi wins face-off versus Johannes Salmonsson in Remparts zone.
17:13 of 3rd period - Slapshot by David Laliberté.
17:13 of 3rd period - Deflect By Eric Tangradi.
17:13 of 3rd period - Shot Misses the Net.
17:13 of 3rd period - Puck is out of play.
17:14 of 3rd period - Jarod Palmer wins face-off versus Mathieu Perreault in Remparts zone.
17:14 of 3rd period - Ty Wishart is hit by Mathieu Perreault and loses puck.
17:33 of 3rd period - Slapshot by David Laliberté.
17:33 of 3rd period - Stopped by Keith Kinkaid with a rebound.
17:53 of 3rd period - Slapshot by Ty Wishart.
17:53 of 3rd period - Stopped by Al Montoya without a rebound.
17:54 of 3rd period - Kyle Brodziak wins face-off versus Cédric Lalonde-McNicoll in Saguenéens zone.
18:01 of 3rd period - Wrist shot by Kyle Brodziak.
18:01 of 3rd period - Stopped by Keith Kinkaid without a rebound.
18:02 of 3rd period - Kyle Brodziak wins face-off versus Cédric Lalonde-McNicoll in Remparts zone.
18:31 of 3rd period - Pasi Salonen is hit by Tyler Pitlick and loses puck.
19:09 of 3rd period - Wrist shot by Mattias Weinhandl.
19:09 of 3rd period - Stopped by Al Montoya without a rebound.
19:10 of 3rd period - Matt Halischuk wins face-off versus Jerry D'Amigo in Saguenéens zone.
Goals for this period are 1 for Remparts vs 0 for Saguenéens.
Shots for this period are 8 for Remparts vs 11 for Saguenéens.
Output by the SimonT Hockey Simulator (STHS) for François Prévost -- Original Page W3C XHTML 1.0 Valid